 Dungeon Crawl Stone Soup version 0.21-a0-207-g4a9efaf (webtiles) character file.

10798 roguesci the Thaumaturge (level 11, 0/94 HPs)
             Began as a White Draconian Transmuter on Aug 19, 2017.
             Was the Champion of Okawaru.
             Slain by a wraith (9 damage)
             ... led by Josephine
             ... on level 10 of the Dungeon on Aug 20, 2017.
             The game lasted 01:01:36 (15188 turns).

roguesci the Thaumaturge (DrTm)                    Turns: 15188, Time: 01:01:37

Health: 0/94       AC: 10    Str: 12    XL:     11   Next: 40%
Magic:  20/20      EV: 22    Int: 23    God:    Okawaru [******]
Gold:   443        SH:  0    Dex: 17    Spells: 22/26 levels left

rFire    + . .     SeeInvis .     - Unarmed
rCold    + + .     Gourm    .   (no shield)
rNeg     . . .     Faith    .   (armour unavailable)
rPois    +         Spirit   .   (helmet restricted)
rElec    +         Reflect  .   (no cloak)
rCorr    +         Harm     .   t - +2 pair of gloves
MR       ++...                  (no boots)
Stlth    ++++......             (no amulet)
HPRegen  0.25/turn              D - +4 ring of intelligence
MPRegen  0.17/turn              E - +2 ring of intelligence

@: agile, resistant, drained
A: breathe frost, unfitting armour, horns 2, cold resistance 1, low mp 1, magic
resistance 2, poison resistance, cold-blooded, AC +7
a: Breathe Frost, Heroism, Finesse, Renounce Religion


You were on level 10 of the Dungeon.
You worshipped Okawaru.
Okawaru was exalted by your worship.
You were not hungry.

You visited 2 branches of the dungeon, and saw 11 of its levels.

You collected 443 gold pieces.

Inventory:

Hand Weapons
 e - a +0 whip of electrocution
 f - a +1 dagger of venom
 w - a +1 hunting sling of freezing
Missiles
 d - 302 stones (quivered)
 n - 3 throwing nets
Armour
 t - a +2 pair of gloves (worn)
Jewellery
 D - a +4 ring of intelligence (left hand)
 E - a +2 ring of intelligence (right hand)
Wands
 k - a wand of iceblast (7/15)
 y - a wand of acid (10/15)
 F - a wand of flame (13/48)
Scrolls
 a - 2 scrolls of enchant armour
 c - a scroll of enchant weapon
 g - 8 scrolls of identify
 l - 4 scrolls of remove curse {unknown}
 o - 3 scrolls of teleportation
 q - a scroll of random uselessness {unknown}
 u - 4 scrolls of amnesia {unknown}
 B - a scroll of blinking {unknown}
 H - a scroll of magic mapping {unknown}
Potions
 h - a potion of mutation
 i - 2 potions of flight
 s - a potion of haste
 A - a potion of brilliance {unknown}
 G - a potion of ambrosia {unknown}
 I - a potion of degeneration {unknown}
Books
 b - a book of Changes

   Spells                             Type                      Level
   a - Beastly Appendage              Transmutation                1
   b - Sticks to Snakes               Transmutation                2
   c - Spider Form                    Transmutation/Poison         3
   d - Ice Form                       Ice/Transmutation            4
   e - Blade Hands                    Transmutation                5
 C - a book of Callings

   Spells                             Type                      Level
   a - Summon Small Mammal            Summoning                    1
   b - Call Imp                       Summoning                    2
   c - Call Canine Familiar           Summoning                    3
   d - Summon Guardian Golem          Hexes/Summoning              3
   e - Summon Lightning Spire         Summoning/Air                4
   f - Summon Ice Beast               Ice/Summoning                4
Comestibles
 m - 3 bread rations
 v - a royal jelly


   Skills:
 * Level 7.8(7.4) Fighting
 * Level 7.8(7.5) Dodging
 + Level 5.7(5.3) Stealth
 + Level 7.0(6.6) Unarmed Combat
 * Level 8.0(7.6) Spellcasting
 + Level 6.7(6.3) Transmutations
 - Level 4.0(3.6) Poison Magic
 + Level 2.7(2.4) Invocations


You had 22 spell levels left.
You knew the following spells:

 Your Spells              Type           Power        Failure   Level  Hunger
a - Beastly Appendage     Tmut           #####.       1%          1    None
b - Spider Form           Tmut/Pois      ####......   2%          3    None


Dungeon Overview and Level Annotations

Branches:
Dungeon (10/15)            Temple (1/1) D:4            Lair (0/6) D:10
    Orc: D:9-12

Altars:
Ashenzari
Cheibriados
Dithmenos
Elyvilon
Fedhas
Gozag
Hepliaklqana
Kikubaaqudgha
Makhleb
Nemelex Xobeh
Okawaru
Qazlal
Ru
Sif Muna
Trog
Uskayaw
Vehumet
Wu Jian
Xom
Yredelemnul
Zin
The Shining One

Shops:
D:9 %

Annotations:
D:3 KONINGBADAAP's ghost, amateur MiBe


Innate Abilities, Weirdness & Mutations

You can breathe waves of freezing cold.
You can buffet flying creatures when you breathe cold.
Your icy white scales are hard. (AC +7)
You cannot fit into any form of body armour.
Your flesh is cold resistant. (rC+)
You are cold-blooded and may be slowed by cold attacks.
You have a pair of horns on your head.
Your magical capacity is low. (-10% MP)
You are highly resistant to hostile enchantments. (MR++)
Your system is resistant to poisons. (rPois)


Message History

You hit the wraith.
The wraith is heavily damaged.
The wraith closely misses you. The wraith hits you but does no damage.
You hit the wraith but do no damage. Your headbutt misses the wraith.
The wraith is heavily damaged.
The wraith hits you.
* * * LOW HITPOINT WARNING * * *
The wraith closely misses you.
You hit the wraith.
You headbutt the wraith, but do no damage.
The wraith is severely damaged.
The wraith misses you.
You barely miss the wraith.
The wraith is severely damaged.
The wraith misses you. The wraith hits you.
* * * LOW HITPOINT WARNING * * *
It was a potion of resistance.
You feel protected. The wraith hits you!
You die...

########## #........#
###.####.#
##..####.#######
..........#........#
#########.##.#..#####.#
........#.##.#..## #.#
........W........# #.#
######@#.##.#(..# #.#
#W#.##.#...# #.# .#
....#..#...####.# ..#
.......<.........# ..##
.#.##..........######
...# .#.#. #.#.#.##.#(#
...# .. . ..#.#.##...#
...# .#.# ###.#.##.###
...######.#.# ##.
#.##.#


You could see 2 wraiths.

Vanquished Creatures
  Josephine (D:10)
  2 two-headed ogres
  Pikel (D:4)
  A cyclops (D:10)
  Joseph (D:9)
  A troll (D:9)
  Grinder (D:6)
  A hippogriff (D:9)
  Sigmund (D:2)
  A wyvern (D:10)
  3 wraiths (D:10)
  6 yaks
  4 hungry ghosts
  Menkaure (D:4)
  Duvessa (D:4)
  5 ice beasts
  An orc warrior (D:8)
  A slave (D:4)
  A black bear (D:8)
  An eye of draining (D:8)
  2 sky beasts
  3 phantoms
  7 ogres
  A necrophage (D:7)
  3 centaurs
  2 big kobolds (D:8)
  7 bullfrogs
  2 wyvern zombies (D:9)
  Dowan (D:4)
  A scorpion (D:5)
  4 killer bees (D:8)
  3 howler monkeys
  4 wights (D:9)
  5 crimson imps
  A hound (D:7)
  4 jellies
  2 bullfrog skeletons
  3 orc priests
  7 orc wizards
  Jessica (D:3)
  2 iguanas
  7 worker ants
  A hound skeleton (D:7)
  Robin (D:2)
  3 gnolls (D:2)
  13 adders
  7 shadow imps
  An ooze (D:3)
  2 adder skeletons
  An adder zombie (D:8)
  3 worms
  2 dart slugs
  6 leopard geckos
  20 orcs
  3 giant cockroaches
  18 goblins
  14 hobgoblins
  3 quokkas
  A ball python (D:4)
  8 bats
  5 frilled lizards
  15 kobolds
  2 quokka skeletons (D:9)
  3 rats
239 creatures vanquished.

Vanquished Creatures (others)
  A hound (D:4)
  An iguana (D:4)
  An adder (D:4)
  A leopard gecko (D:4)
  An orc (D:4)
5 creatures vanquished.

Grand Total: 244 creatures vanquished

Notes
Turn   | Place    | Note
-------+----------+-------------------------------------------
     0 | D:1      | roguesci the Draconian Transmuter began the quest for the Orb.
     0 | D:1      | Reached XP level 1. HP: 16/16 MP: 3/3
   127 | D:1      | Reached XP level 2. HP: 23/23 MP: 5/5
   631 | D:1      | Reached skill level 1 in Stealth
   809 | D:2      | Reached XP level 3. HP: 24/28 MP: 6/6
   814 | D:2      | Learned a level 3 spell: Spider Form
   831 | D:2      | Noticed Sigmund
   847 | D:2      | Noticed Robin
   859 | D:2      | Killed Robin
  1175 | D:2      | Killed Sigmund
  1175 | D:2      | Reached skill level 3 in Spellcasting
  1175 | D:2      | Reached skill level 1 in Poison Magic
  1175 | D:2      | Reached XP level 4. HP: 31/36 MP: 5/8
  1175 | D:2      | Reached XP level 5. HP: 36/41 MP: 5/9
  1932 | D:3      | Noticed Jessica
  1939 | D:3      | Killed Jessica
  1939 | D:3      | Reached XP level 6. HP: 46/50 MP: 6/10
  2037 | D:3      | Noticed KONINGBADAAP's ghost (amateur MiBe)
  3233 | D:4      | Noticed a slave
  3255 | D:4      | Killed a slave
  3452 | D:4      | Noticed Pikel
  3454 | D:4      | Noticed a slave
  3454 | D:4      | Noticed a slave
  3454 | D:4      | Noticed a slave
  3478 | D:4      | Killed Pikel
  3478 | D:4      | Reached skill level 4 in Spellcasting
  3478 | D:4      | Your scales start taking on an icy white colour.
  3478 | D:4      | Reached XP level 7. HP: 28/57 MP: 11/13
  3478 | D:4      | Gained mutation: Your flesh is cold resistant. (rC+) [White Draconian growth]
  3616 | D:4      | Found a staircase to the Ecumenical Temple.
  3616 | D:4      | Noticed Menkaure
  3630 | D:4      | Killed Menkaure
  3778 | Temple   | Entered the Ecumenical Temple
  3965 | Temple   | Became a worshipper of Warmaster Okawaru
  4051 | D:4      | Reached XP level 8. HP: 52/63 MP: 14/14
  4471 | D:4      | Noticed Duvessa
  4471 | D:4      | Noticed Dowan
  4499 | D:4      | Killed Duvessa
  4668 | D:4      | Killed Dowan
  4939 | D:5      | Entered Level 5 of the Dungeon
  5487 | D:5      | Reached * piety under Okawaru
  5487 | D:5      | Reached skill level 5 in Spellcasting
  5885 | D:5      | Reached skill level 5 in Dodging
  5885 | D:5      | Reached skill level 5 in Transmutations
  6816 | D:6      | Reached XP level 9. HP: 57/71 MP: 16/16
  6957 | D:6      | Noticed Grinder
  6960 | D:6      | Paralysed by Grinder for 4 turns
  6978 | D:6      | Killed Grinder
  7947 | D:7      | Reached ** piety under Okawaru
  8163 | D:7      | Reached skill level 5 in Fighting
  8399 | D:7      | Reached skill level 5 in Unarmed Combat
  8484 | D:7      | Reached skill level 6 in Spellcasting
  8870 | D:8      | Found a shadowy altar of Dithmenos.
  9482 | D:8      | Reached *** piety under Okawaru
  9709 | D:8      | Reached XP level 10. HP: 59/83 MP: 19/19
 10086 | D:8      | Noticed a two-headed ogre
 10378 | D:8      | Killed a two-headed ogre
 10602 | D:8      | Reached **** piety under Okawaru
 11187 | D:8      | Reached skill level 5 in Stealth
 11286 | D:8      | Upgraded the game from 0.21-a0-203-gb066a6e to 0.21-a0-207-g4a9efaf
 11905 | D:9      | Noticed Joseph
 11928 | D:9      | Killed Joseph
 12190 | D:9      | Reached skill level 7 in Spellcasting
 12554 | D:9      | Found Cimyah's Food Shoppe.
 13075 | D:9      | Reached skill level 1 in Invocations
 13495 | D:9      | Noticed a two-headed ogre
 13513 | D:9      | Killed a two-headed ogre
 13513 | D:9      | Reached ***** piety under Okawaru
 13513 | D:9      | Reached XP level 11. HP: 46/92 MP: 18/22
 13880 | D:10     | Entered Level 10 of the Dungeon
 14489 | D:10     | Found a staircase to the Lair.
 14507 | D:10     | Noticed a centaur warrior
 14507 | D:10     | Noticed a death knight
 14507 | D:10     | Noticed an orb spider
 14508 | D:10     | Noticed a green ugly thing
 14583 | D:10     | Found an ornate altar of the Wu Jian Council.
 15085 | D:10     | Gained mutation: You are resistant to hostile enchantments. (MR+) [potion of mutation]
 15085 | D:10     | Gained mutation: You are weak. (Str -2) [potion of mutation]
 15085 | D:10     | Gained mutation: You have a pair of small horns on your head. [potion of mutation]
 15085 | D:10     | Gained mutation: You have a pair of horns on your head. [potion of mutation]
 15086 | D:10     | Lost mutation: You are weak. (Str -2) [potion of mutation]
 15086 | D:10     | Lost mutation: You have a pair of horns on your head. [potion of mutation]
 15086 | D:10     | Gained mutation: Your system is resistant to poisons. (rPois) [potion of mutation]
 15086 | D:10     | Gained mutation: You are highly resistant to hostile enchantments. (MR++) [potion of mutation]
 15086 | D:10     | Gained mutation: Your magical capacity is low. (-10% MP) [potion of mutation]
 15086 | D:10     | Gained mutation: You have a pair of horns on your head. [potion of mutation]
 15160 | D:10     | Noticed Josephine
 15174 | D:10     | Killed Josephine
 15174 | D:10     | Reached skill level 8 in Spellcasting
 15176 | D:10     | Reached ****** piety under Okawaru
 15188 | D:10     | Slain by a wraith

Vault maps used:
D:1:      dpeg_arrival_lava_altar, minmay_heptomino_l4
D:2:      uniq_robin, uniq_sigmund
D:3:      serial_glass, glass_columns_a, glass_columns_b,
          minmay_tree_intersection, lexackson_kobold_supper, uniq_jessica
D:4:      temple_fountains, first_bread, uniq_duvessa, uniq_pikel, uniq_menkaure
D:6:      st_stairs_13, uniq_grinder
D:8:      nicolae_dithmenos_the_darkroom, blue_anna_alchemist
D:9:      serial_shops, nicolae_shop_trees, uniq_joseph
D:10:     lair_entry_dummy, basic_altar, minivault_12, uniq_josephine
Temple:   minmay_crystal_snake_temple

Skill      XL: |  1  2  3  4  5  6  7  8  9 10 11 |
---------------+----------------------------------+-----
Dodging        | 2 3 4 5 6 7 |  7.8
Stealth        | 1 2 3 4 5 |  5.7
Fighting       | 2 3 4 5 7 |  7.8
Spellcasting   | 3 4 5 6 7 8 |  8.0
Transmutations | 3 4 5 6 |  6.7
Poison Magic   | 1 2 3 4 |  4.0
Unarmed Combat | 4 5 6 7 |  7.0
Invocations    | 1 2 |  2.7

Action                   |  1- 3 |  4- 6 |  7- 9 | 10-12 || total
-------------------------+-------+-------+-------+-------++-------
Melee: Unarmed           |   116 |   146 |   236 |   474 ||   972
       Tailslap          |     9 |     7 |    23 |    22 ||    61
       Kick              |     2 |       |       |       ||     2
       Whip              |       |       |   238 |       ||   238
       Punch             |       |       |     3 |     5 ||     8
       Dagger            |       |       |    14 |    74 ||    88
       Headbutt          |       |       |       |     1 ||     1
Throw: Stone             |     3 |     1 |     3 |     1 ||     8
 Cast: Beastly Appendage |     1 |       |       |       ||     1
       Spider Form       |     4 |    12 |    21 |    26 ||    63
Invok: Heroism           |       |       |       |     3 ||     3
 Abil: Breathe Frost     |       |       |     8 |     7 ||    15
       End Transformatio |       |       |     2 |       ||     2
  Use: Scroll            |       |     3 |       |     5 ||     8
       Potion            |       |     1 |     4 |    13 ||    18
 Stab: Sleeping          |     1 |       |    10 |     6 ||    17
       Distracted        |     1 |       |       |       ||     1
       Invisible         |       |     1 |       |       ||     1
  Eat: Chunk             |     1 |     6 |    15 |     7 ||    29
       Fruit             |       |     3 |     5 |    24 ||    32
       Royal jelly       |       |       |     5 |     2 ||     7
       Meat ration       |       |       |     1 |       ||     1
       Bread ration      |       |       |     1 |       ||     1
Armor: Skin              |    26 |    19 |    44 |    82 ||   171
Dodge: Dodged            |    90 |   130 |   323 |   414 ||   957
